 Dungeon Crawl Stone Soup version 0.29-a0-352-g0917bc69df (webtiles) character file.

Game seed: 7122679440229497495

124 Flugkiller the Ducker (level 5, -4/36 HPs)
             Began as an Octopode Cinder Acolyte on Apr 24, 2022.
             Was a High Priest of Ignis.
             Slain by a gnoll sergeant
             ... wielding a +0 trident
              (10 damage)
             ... on level 3 of the Dungeon.
             The game lasted 00:02:54 (1900 turns).

Flugkiller the Ducker (Octopode Cinder Acolyte)     Turns: 1900, Time: 00:02:55

Health: -4/36      AC:  8    Str: 13    XL:     5   Next: 8%
Magic:  1/6        EV: 14    Int: 16    God:    Ignis [*****.]
Gold:   134        SH:  0    Dex: 10    Spells: 4/6 levels left

rFire   + . .      SeeInvis .   a - -1 spear (flame)
rCold   . . .      Faith    .   (no shield)
rNeg    . . .      Spirit   .   o - +0 hat
rPois   .          Reflect  .   e - amulet of the acrobat
rElec   .          Harm     .   (no ring)
rCorr   .          Rampage  .   (no ring)
Will    .....                   (no ring)
Stlth   ++........              (no ring)
HPRegen 0.12/turn               (no ring)
MPRegen 0.10/turn               (no ring)
                                (no ring)
                                (no ring)

@: fiery-armoured
A: almost no armour, amphibious, 8 rings, camouflage 1, gelatinous body 1,
(nimble swimmer 1), tentacles
a: Renounce Religion, Fiery Armour, Foxfire Swarm, Rising Flame


You were on level 3 of the Dungeon.
You worshipped Ignis.
Ignis was extremely pleased with you.
You visited 1 branch of the dungeon, and saw 3 of its levels.

You collected 134 gold pieces.

Inventory:

Hand Weapons
 a - a -1 spear of flaming (weapon)
 q - a +0 halberd
   (You took it off a gnoll on level 3 of the Dungeon)
Armour
 l - an orb of guile
   (You found it on level 2 of the Dungeon)
 o - a +0 hat (worn)
   (You found it on level 3 of the Dungeon)
Jewellery
 e - an amulet of the acrobat (around mantle)
   (You found it on level 1 of the Dungeon)
Scrolls
 b - a scroll of identify {unknown}
 d - a scroll of amnesia {unknown}
 g - 2 scrolls of teleportation {unknown}
 n - a scroll of enchant weapon {unknown}
 p - a scroll of vulnerability {unknown}
Potions
 c - a potion of heal wounds {unknown}
 f - a potion of invisibility
 h - a potion of mutation {unknown}
 i - a potion of berserk rage {unknown}
 j - a potion of might {unknown}
 k - a potion of curing {unknown}
 m - a potion of brilliance {unknown}


   Skills:
 - Level 3.0 Fighting
 - Level 3.0 Polearms
 + Level 4.5 Dodging
 - Level 1.0 Spellcasting
 - Level 3.0 Fire Magic


You had 4 spell levels left.
You knew the following spells:

 Your Spells              Type           Power      Damage    Failure   Level
a - Scorch                Fire           20%        2d6       10%         2

Your spell library contained the following spells:

 Spells                   Type           Power      Damage    Failure   Level
 Apportation              Tloc           0%         N/A       22%         1
 Alistair's Intoxication  Tmut/Pois      0%         N/A       99%         5


Dungeon Overview and Level Annotations

Branches:
Dungeon (3/15)

Altars:

Annotations:
D:2 Sigmund


Innate Abilities, Weirdness & Mutations

You cannot wear most types of armour.
You are amphibious.
You can wear up to eight rings at the same time.
Your skin changes colour to match your surroundings (Stealth+).
Your rubbery body absorbs attacks. (AC +1, EV +1)
((You are camouflaged when in or above water. (Stealth+)))
You have tentacles for arms and can constrict up to eight enemies at once.


Message History

Flames lash the bat.
You kill the bat!
You have reached level 5!
You feel agile. The adder attacks as you move away!
The adder completely misses you. The adder bites you.
Casting: Scorch (safe; 10% risk of failure)
Confirm with . or Enter, or press ? or * to list all spells.
Flames lash the adder.
The adder is almost dead.
The adder's fire resistance burns away.
The adder misses you. The adder barely misses you.
You miss the adder. Your grab misses the adder.
The adder is almost dead.
The adder bites you.
You completely miss the adder. Your grab misses the adder.
You squeeze the adder.
You kill the adder!
Casting: Scorch (safe; 10% risk of failure)
Confirm with . or Enter, or press ? or * to list all spells.
Flames lash the gnoll sergeant.
The gnoll sergeant is lightly wounded.
The gnoll sergeant's fire resistance burns away.
The gnoll sergeant hits you from afar with a +0 trident!
You see here a gnoll corpse.
Flames leap up around you! The gnoll sergeant closely misses you.
Unknown command.
Your foxfire dissipates!
The foxfire hits the gnoll sergeant but does no damage.
The foxfire hits the gnoll sergeant.
The gnoll sergeant is lightly wounded.
The foxfire hits the gnoll sergeant but does no damage.
The gnoll sergeant is lightly wounded.
The foxfire hits the gnoll sergeant but does no damage.
The gnoll sergeant is lightly wounded.
The foxfire hits the gnoll sergeant but does no damage.
The gnoll sergeant is lightly wounded.
The foxfire hits the gnoll sergeant.
The gnoll sergeant is moderately wounded.
The foxfire hits the gnoll sergeant.
The gnoll sergeant is heavily wounded.
The foxfire hits the gnoll sergeant but does no damage.
The gnoll sergeant is heavily wounded.
The foxfire hits the gnoll sergeant but does no damage.
The gnoll sergeant is heavily wounded.
The foxfire hits the gnoll sergeant but does no damage.
The gnoll sergeant is heavily wounded.
The foxfire hits the gnoll sergeant.
The gnoll sergeant is severely wounded.
The foxfire hits the gnoll sergeant.
The gnoll sergeant is severely wounded.
The foxfire hits the gnoll sergeant but does no damage.
The gnoll sergeant is severely wounded.
Casting: Scorch (safe; 10% risk of failure)
Confirm with . or Enter, or press ? or * to list all spells.
Flames lash the gnoll sergeant but do no damage.
The gnoll sergeant hits you from afar with a +0 trident!
You reach to attack!
You completely miss the gnoll sergeant.
The gnoll sergeant is severely wounded.
The gnoll sergeant hits you from afar with a +0 trident!
You are too injured to fight recklessly!
Casting: Scorch (safe; 10% risk of failure)
Confirm with . or Enter, or press ? or * to list all spells.
You don't have enough magic to cast this spell.
Unknown command.
Casting: Scorch (safe; 10% risk of failure)
Confirm with . or Enter, or press ? or * to list all spells.
Flames lash the gnoll sergeant but do no damage.
The gnoll sergeant barely misses you.
You aren't carrying any items that you can evoke.
Casting: Scorch (safe; 10% risk of failure)
Confirm with . or Enter, or press ? or * to list all spells.
You don't have enough magic to cast this spell.
You aren't carrying any items that you can evoke.
Unknown command.
Okay, then.
You open the door. The gnoll sergeant closely misses you.
Found a stone staircase leading down.
There is an open door here.
Casting: Scorch (safe; 10% risk of failure)
Confirm with . or Enter, or press ? or * to list all spells.
You don't have enough magic to cast this spell.
A protective cloak of flame settles atop you.
The gnoll sergeant hits you from afar with a +0 trident!
* * * LOW HITPOINT WARNING * * *
Reach: a) -1 spear (flame)
Press: ? - help, Dir - move target, f/p - gnoll sergeant
Aim: a gnoll sergeant, wielding a +0 trident and wearing a +0 scale mail (severely wounded, about 33% to evade your -1 spear of flaming)
You reach to attack!
You hit the gnoll sergeant but do no damage.
The gnoll sergeant is severely wounded.
The gnoll sergeant hits you from afar with a +0 trident.
* * * LOW HITPOINT WARNING * * *
Reach: a) -1 spear (flame)
Press: ? - help, Dir - move target, f/p - gnoll sergeant
Aim: a gnoll sergeant, wielding a +0 trident and wearing a +0 scale mail (severely wounded, about 33% to evade your -1 spear of flaming)
You reach to attack!
You barely miss the gnoll sergeant.
The gnoll sergeant is severely wounded.
The gnoll sergeant hits you from afar with a +0 trident!
You die...

#.# #........# ##'#
#.###.##.# ##)..## #
#.##.# ##.....##
#.###.##.# ##.......##
#.#(#.##.#
#.........###..>..##.###
+.........'.............
#.........####....######
#>....@.##...§...#
##.....###.#####.##
##..g## # ##...# ##'##
#....# #.# #.###....# ♣
#.# #.......##♣♣♣. ##.##
#####.#.#♣♣).g
####...########.#...ggg.
#................###♣♣...


You could see a gnoll sergeant.

Vanquished Creatures
  Terence (D:3)
  3 adders
  3 gnolls (D:3)
  A white imp (D:3)
  4 ball pythons
  2 bats (D:3)
  3 endoplasms (D:3)
  A giant cockroach (D:2)
  5 goblins
  5 hobgoblins
  2 kobolds
  2 quokkas (D:1)
  3 rats (D:1)
35 creatures vanquished.

Vanquished Creatures (others)
  13 foxfires (D:3)
13 creatures vanquished.

Grand Total: 48 creatures vanquished

Notes
Turn   | Place    | Note
-------+----------+-------------------------------------------
     0 | D:1      | Flugkiller the Octopode Cinder Acolyte began the quest for
                  | the Orb.
     0 | D:1      | Reached XP level 1. HP: 16/16 MP: 2/2
    18 | D:1      | Reached skill level 1 in Dodging
   118 | D:1      | Found a faded altar of an unknown god.
   129 | D:1      | Reached XP level 2. HP: 21/21 MP: 3/3
   274 | D:1      | Reached skill level 2 in Dodging
   420 | D:2      | Reached XP level 3. HP: 23/26 MP: 4/4
   444 | D:2      | Noticed Sigmund
   472 | D:2      | Learned a level 2 spell: Scorch
   795 | D:3      | Noticed Terence
   806 | D:3      | Killed Terence
   807 | D:3      | Reached skill level 3 in Dodging
   807 | D:3      | Reached XP level 4. HP: 13/31 MP: 0/5
  1518 | D:3      | Noticed a gnoll sergeant
  1558 | D:3      | Reached skill level 4 in Dodging
  1815 | D:3      | Reached XP level 5. HP: 36/36 MP: 1/6
  1900 | D:3      | Slain by a gnoll sergeant

Illustrated notes

Levels and vault maps discovered:
D:1:      minmay_arrival_semitransparent, layout_rooms,
          hellmonk_ecumenical_altar_crossroads
D:2:      layout_rooms, minmay_stone_trees_small, uniq_sigmund
D:3:      layout_loops_corners, minmay_hedge_maze, pf_guarded_unrand_woodcutter,
          uniq_terence

Skill      XL: |  1  2  3  4 |
---------------+-------------+-----
Dodging        | 1 2 3 4 |  4.5
Fighting       | |  3.0
Polearms       | |  3.0
Spellcasting   | |  1.0
Fire Magic     | |  3.0

Action                   |  1- 3 |  4- 6 || total
-------------------------+-------+-------++-------
Melee: Spear             |    55 |    34 ||    89
       Constrict         |    11 |     5 ||    16
       Tentacles         |     6 |     6 ||    12
 Cast: Scorch            |     2 |    11 ||    13
Invok: Foxfire Swarm     |       |     1 ||     1
       Fiery Armour      |       |     1 ||     1
  Use: Potion            |       |     1 ||     1
 Stab: Sleeping          |     2 |     1 ||     3
       Distracted        |     1 |       ||     1
Armor: Skin              |     2 |       ||     2
Dodge: Dodged            |    20 |    28 ||    48

Table legend: (Time is in decaauts)
 A = Elapsed time spent in this place.
 B = Non-inter-level travel time spent in this place.
 C = Inter-level travel time spent in this place.
 D = Time resting spent in this place.
 E = Time spent auto-exploring this place.
 F = Levels seen in this place.
 G = Mean time per level.
                   A        B        C        D        E       F      G
               +--------+--------+--------+--------+--------+-----+--------+
         Total |   1894 |   1864 |     30 |    539 |    906 |   3 |  631.3 |
       Dungeon |   1894 |   1864 |     30 |    539 |    906 |   3 |  631.3 |
               +--------+--------+--------+--------+--------+-----+--------+

Top non-repeatable levels by time:
     D:3: 1144 daAuts
     D:1: 402 daAuts
     D:2: 347 daAuts
